 Dungeon Crawl Stone Soup version 0.28.0-53-g5a82cb258f (webtiles) character file.

Game seed: 3778266054448343547

43324 cbfl8 the Warrior (level 13, -3/130 HPs)
             Began as a Minotaur Berserker on July 14, 2022.
             Was a Priest of Trog.
             Incinerated by a smoke demon (5 damage)
             ... with a sticky flame
             ... on level 2 of the Abyss.
             The game lasted 00:57:19 (27772 turns).

cbfl8 the Warrior (Minotaur Berserker)             Turns: 27772, Time: 00:57:19

Health: -3/130     AC: 23    Str: 21    XL:     13   Next: 90%
Magic:  12/12      EV: 10    Int:  4    God:    Trog [***...]
Gold:   780        SH:  0    Dex: 16    Spells: 12/12 levels left

rFire   . . .      SeeInvis .   w - +3 war axe (venom)
rCold   . . .      Faith    .   I - orb {light}
rNeg    + + .      Spirit   .   J - +1 plate armour {rN+}
rPois   .          Reflect  .   (helmet restricted)
rElec   .          Harm     .   t - +2 cloak {Stlth+}
rCorr   +          Rampage  .   X - +1 pair of gloves
Will    .....                   D - +0 pair of boots
Stlth   ..........              p - amulet of magic regeneration
HPRegen 0.00/turn               L - ring of resist corrosion
MPRegen 0.53/turn               a - ring of positive energy

@: on fire, sick, glowing
A: horns 2, retaliatory headbutt
a: Renounce Religion, Berserk, Trog's Hand


You were on level 2 of the Abyss.
You worshipped Trog.
Trog was most pleased with you.
You visited 2 branches of the dungeon, and saw 16 of its levels.
You visited the Abyss 1 time.
You also visited: Gauntlet.

You collected 1118 gold pieces.
You spent 338 gold pieces at shops.

Inventory:

Hand Weapons
 b - a +0 demon trident of freezing
 f - a +2 hand axe of electrocution
 s - a +3 quarterstaff of chaos
 v - a +0 battleaxe
 w - a +3 war axe of venom (weapon)
 H - a +2 triple sword of holy wrath
Missiles
 j - 2 throwing nets (quivered)
Armour
 c - a +0 buckler
 t - a +2 cloak of stealth (worn)
 D - a +0 pair of boots (worn)
 I - an orb of light (worn)
 J - a +1 plate armour of positive energy (worn)
 X - a +1 pair of gloves (worn)
Jewellery
 a - a ring of positive energy (right hand)
 p - an amulet of magic regeneration (around neck)
 L - a ring of resist corrosion (left hand)
Wands
 g - a wand of charming (2)
 E - a wand of flame (46)
 K - a wand of iceblast (24)
 M - a wand of paralysis (1)
 R - a wand of acid (7)
 S - a wand of mindburst (7)
Scrolls
 d - 3 scrolls of amnesia
 h - a scroll of silence {unknown}
 l - a scroll of brand weapon
 n - 3 scrolls of fog
 q - 8 scrolls of magic mapping
 u - 2 scrolls of vulnerability
 y - 3 scrolls of enchant weapon
 C - 2 scrolls of fear {unknown}
 G - a scroll of summoning
 T - a scroll of noise {unknown}
 V - 5 scrolls of blinking {unknown}
 Y - a scroll of identify
Potions
 e - 5 potions of magic
 i - 6 potions of curing
 m - 3 potions of attraction
 o - a potion of berserk rage
 r - a potion of invisibility {unknown}
 z - 2 potions of ambrosia {unknown}
 A - 2 potions of lignification {unknown}
 B - 2 potions of mutation {unknown}
 F - a potion of cancellation {unknown}
 N - a potion of might {unknown}
 O - a potion of experience {unknown}
 U - 2 potions of degeneration {unknown}
 W - a potion of brilliance {unknown}
Miscellaneous
 P - a box of beasts
 Q - a box of beasts


   Skills:
 * Level 16.5 Fighting
 - Level 1.1 Long Blades
 - Level 15.0 Axes
 - Level 1.3(9.8) Polearms
 - Level 10.8 Armour
 * Level 8.4 Dodging
 - Level 7.5 Stealth
 - Level 3.0 Shields
 * Level 6.6 Evocations


You had 12 spell levels left.
You didn't know any spells.
Your spell library was empty.

Dungeon Overview and Level Annotations

Branches:
Dungeon (11/15)            Temple (0/1) D:7            Lair (5/6) D:11
 Shoals (0/4) Lair:2        Snake (0/4) Lair:2        Slime (0/5) Lair:5
    Orc (0/2) D:9         Gauntlet (visited)

Altars:
Gozag
Hepliaklqana
Kikubaaqudgha
Ru
Wu Jian

Shops:
D:7 [([[

Annotations:
D:3 3 runed translucent doors, Soldner's ghost, weakling KoBr
D:9 exclusion: orange crystal statue
D:11 3 runed translucent doors, Stomo's ghost, journeyman DrMo
Lair:5 Sonja


Innate Abilities, Weirdness & Mutations

You have a pair of horns on your head.
You reflexively headbutt those who attack you in melee.


Message History

The sixfirhy completely misses you.
You slash the sixfirhy! You headbutt the sixfirhy!
The sixfirhy is almost dead.
The sixfirhy hits you. The sixfirhy shocks you!
* * * LOW HITPOINT WARNING * * *
You slash the sixfirhy!
You kill the sixfirhy!
That felt strangely unrewarding.
You start resting.
Your skin stops crawling.
You feel less strong-willed.
You start resting.
You plunge deeper into the Abyss.
You start resting.
You recover from your berserk rage.
You start resting.
A smoke demon comes into view.
Okay, then.
Okay, then.
The smoke demon roars!
You feel your health improve.
A spriggan defender skeleton comes into view.
An ancient zyme comes into view.
You feel yourself growing ill in the presence of the ancient zyme.
The smoke demon gestures at you. Something smites you!
* * * LOW HITPOINT WARNING * * *
The smoke demon gestures at you. The sticky flame hits you!
You are covered in liquid flames!
* * * LOW HITPOINT WARNING * * *
You are covered in liquid flames!
* * * LOW HITPOINT WARNING * * *
The smoke demon gestures at you.
The sticky flame hits you but does no damage.
You are covered in liquid flames!
You are covered in liquid flames!
* * * LOW HITPOINT WARNING * * *
You feel ill. x2
You are covered in liquid flames!
You die...

...# #.#.# ###. #.
#........# . .Z#
#.........∩. ..
#......#.. #.. .
#...#.#. ##.#.. #
##..#..##..... ...
...##..3..# ..#
#.#..#x..##.3.
#@...#.#x.#
..........##..##...
#..##.##...#### . .
... #..#.# .. ###
..#.... ...###...
.#.# .##. ..#


You could see an ancient zyme and a smoke demon.

Vanquished Creatures
  A tentacled starspawn (Abyss:1)
  Gastronok (Lair:2)
  A reaper (Abyss:1)
  Snorg (Lair:3)
  Fannar (Lair:1)
  Harold (D:7)
  3 hydras
  A boulder beetle (Lair:5)
  A spriggan skeleton (Abyss:1)
  A catoblepas (Lair:3)
  2 two-headed ogres
  4 death yaks (Lair:3)
  Urug (Lair:2)
  A sixfirhy (Abyss:1)
  5 starcursed masses (Abyss:1)
  A lindwurm (Lair:4)
  Pikel (D:6)
  A wolf spider (Gauntlet)
  An oklob plant (Lair:4)
  A moth of wrath (Gauntlet)
  Joseph (Lair:1)
  7 black mambas
  Maggie (Lair:2)
  11 cane toads
  7 komodo dragons
  3 rime drakes
  3 unseen horrors
  A rime drake (shapeshifter) (D:10)
  2 ancient zymes (Abyss:1)
  3 trolls
  3 slime creatures (Gauntlet)
  2 large abominations (Abyss:1)
  A ynoxinul (Abyss:1)
  5 shadows
  46 yaks
  Grum (D:8)
  A wraith (D:11)
  5 wyverns
  7 basilisks
  2 redbacks (Gauntlet)
  4 steam dragons
  3 nagas (Lair:2)
  Duvessa (D:6)
  An acid dragon (D:9)
  14 water moccasins
  8 orc warriors
  An ice beast (D:4)
  3 sky beasts
  4 black bears
  An ogre (D:5)
  A necrophage (D:6)
  5 centaurs
  13 wolves
  A lemure (D:6)
  2 phantoms
  4 kobold brigands
  10 bullfrogs
  Blork the orc (D:4)
  6 scorpions
  A wyvern zombie (D:7)
  A gnoll sergeant (D:10)
  A small abomination (Abyss:1)
  A water moccasin skeleton (D:6)
  Dowan (D:6)
  5 electric eels
  10 wights
  A howler monkey (D:6)
  2 centaur zombies
  2 bullfrog zombies (D:6)
  A gnoll shaman (D:6)
  2 hounds (D:5)
  5 jellies
  Crazy Yiuf (D:4)
  2 centaur skeletons
  7 orc priests
  Natasha (thrice) (D:4)
  12 orc wizards
  A hell rat (Lair:3)
  2 killer bee zombies
  11 gnolls
  A howler monkey skeleton (D:6)
  5 adders
  A shadow imp (D:7)
  2 white imps
  An ufetubus (D:6)
  A worm (D:4)
  2 dart slugs
  46 orcs
  9 ball pythons
  10 endoplasms
  6 giant cockroaches
  10 goblins
  6 hobgoblins
  5 jackals (D:1)
  2 quokkas
  6 bats
  19 kobolds
  6 rats
  A spectral hobgoblin (D:3)
  3 starspawn tentacles (Abyss:1)
439 creatures vanquished.

Vanquished Creatures (collateral kills)
  2 hydras
  Erica (D:9)
3 creatures vanquished.

Vanquished Creatures (others)
  An acid dragon (D:8)
  An orc wizard (D:9)
  38 fungi
  53 plants
  A starspawn tentacle (Abyss:1)
  23 withered plants
117 creatures vanquished.

Grand Total: 559 creatures vanquished

Notes
Turn   | Place    | Note
-------+----------+-------------------------------------------
     0 | D:1      | cbfl8 the Minotaur Berserker began the quest for the Orb.
     0 | D:1      | Reached XP level 1. HP: 19/19 MP: 0/0
   150 | D:1      | Reached XP level 2. HP: 12/27 MP: 1/1
   857 | D:1      | Reached skill level 4 in Fighting
  1217 | D:1      | Reached XP level 3. HP: 33/33 MP: 2/2
  1312 | D:2      | Reached ** piety under Trog
  1555 | D:2      | Reached skill level 1 in Stealth
  1560 | D:2      | Reached XP level 4. HP: 17/40 MP: 3/3
  1981 | D:3      | Found a runed translucent gate.
  1982 | D:3      | Found a runed translucent gate.
  1983 | D:3      | Found a runed translucent gate.
  1985 | D:3      | Noticed Soldner's ghost (weakling KoBr)
  1985 | D:3      | Noticed a kobold brigand
  2081 | D:3      | Found a faded altar of an unknown god.
  2752 | D:4      | Reached skill level 5 in Axes
  2800 | D:4      | Found a sacrificial altar of Ru.
  2820 | D:4      | Noticed an ice beast
  2825 | D:4      | Killed an ice beast
  2826 | D:4      | Reached XP level 5. HP: 47/47 MP: 4/4
  2944 | D:4      | Noticed Natasha
  2955 | D:4      | Killed Natasha
  3062 | D:4      | Reached XP level 6. HP: 33/53 MP: 5/5
  3199 | D:4      | Noticed Natasha
  3203 | D:4      | Killed Natasha
  3458 | D:4      | Found a runed translucent door.
  3459 | D:4      | Noticed Crazy Yiuf
  3465 | D:4      | Killed Crazy Yiuf
  3833 | D:4      | Reached skill level 5 in Armour
  3838 | D:4      | Noticed Natasha
  3842 | D:4      | Killed Natasha
  3850 | D:4      | Reached XP level 7. HP: 53/60 MP: 6/6
  3901 | D:4      | Noticed Blork the orc
  3905 | D:4      | Killed Blork the orc
  4344 | D:5      | Entered Level 5 of the Dungeon
  4392 | D:5      | Reached *** piety under Trog
  4747 | D:5      | Reached XP level 8. HP: 63/67 MP: 7/7
  5043 | D:5      | Reached skill level 5 in Fighting
  5351 | D:6      | Found an ancient bone altar of Kikubaaqudgha.
  5940 | D:6      | Reached XP level 9. HP: 37/74 MP: 8/8
  6313 | D:6      | Noticed Dowan
  6313 | D:6      | Noticed Duvessa
  6318 | D:6      | Killed Duvessa
  6336 | D:6      | Killed Dowan
  6375 | D:6      | Noticed Pikel
  6381 | D:6      | Killed Pikel
  6382 | D:6      | Reached skill level 10 in Armour
  6382 | D:6      | Reached skill level 5 in Stealth
  6627 | D:6      | Reached skill level 6 in Fighting
  6706 | D:6      | Noticed a troll
  6739 | D:6      | Reached skill level 1 in Shields
  6742 | D:6      | Killed a troll
  6743 | D:6      | Reached skill level 10 in Axes
  7349 | D:7      | You fall into a shaft and drop 1 floor!
  7470 | D:8      | Reached XP level 10. HP: 84/84 MP: 9/9
  7564 | D:8      | Reached **** piety under Trog
  7906 | D:8      | Noticed Grum
  7940 | D:7      | Reached skill level 7 in Fighting
  8117 | D:7      | Noticed Harold
  8129 | D:7      | Killed Harold
  8563 | D:7      | Found Ytoul's Armour Shop.
  8568 | D:7      | Found Corys's Antique Weapon Boutique.
  8568 | D:7      | Found Basem's Antique Armour Emporium.
  8570 | D:7      | Found Rupne's Antique Armour Shop.
  8597 | D:7      | Bought a glowing triple sword for 338 gold pieces
  8701 | D:7      | Found an ornate altar of the Wu Jian Council.
  9330 | D:7      | Found a staircase to the Ecumenical Temple.
  9422 | D:7      | Reached skill level 1 in Long Blades
  9647 | D:8      | Killed Grum
  9648 | D:8      | Reached skill level 1 in Evocations
 10145 | D:8      | Reached skill level 8 in Fighting
 10597 | D:9      | Noticed Erica
 10853 | D:9      | Found a runed translucent door.
 10872 | D:9      | Found a runed translucent door.
 10905 | D:9      | Found a runed translucent door.
 10921 | D:9      | Found a runed translucent door.
 10944 | D:9      | Noticed a two-headed ogre
 11296 | D:9      | Found an opulent altar of Gozag.
 11303 | D:9      | Reached XP level 11. HP: 71/94 MP: 10/10
 11497 | D:9      | Killed a two-headed ogre
 11710 | D:9      | Killed Erica
 11892 | D:9      | Found a staircase to the Orcish Mines.
 12507 | D:9      | Noticed an orange crystal statue
 13555 | D:10     | Entered Level 10 of the Dungeon
 13576 | D:10     | Found a hazy altar of Hepliaklqana.
 13855 | D:10     | Noticed a two-headed ogre
 13865 | D:10     | Killed a two-headed ogre
 14409 | D:10     | Reached skill level 5 in Dodging
 14765 | D:11     | Found a gate leading to a gauntlet.
 14780 | Gauntlet | Entered a Gauntlet
 14780 | Gauntlet | Found a transporter.
 14780 | Gauntlet | Found a transporter.
 14788 | Gauntlet | Found a transporter.
 14788 | Gauntlet | Found the dreamshard necklace {*Dream Drain}
 14807 | Gauntlet | Found a transporter.
 14823 | Gauntlet | Found a transporter.
 14836 | Gauntlet | Found a transporter.
 14838 | Gauntlet | Found a large runed translucent door.
 14838 | Gauntlet | Found a large runed translucent door.
 14839 | Gauntlet | Found a large runed translucent door.
 14839 | Gauntlet | Found a large runed translucent door.
 14840 | Gauntlet | Found a large runed translucent door.
 14840 | Gauntlet | Found a large runed translucent door.
 14840 | Gauntlet | Found a runed translucent door.
 14840 | Gauntlet | Found a runed translucent door.
 14840 | Gauntlet | Found a large runed translucent door.
 14841 | Gauntlet | Found a large runed translucent door.
 14848 | Gauntlet | Found a large runed translucent door.
 14848 | Gauntlet | Found a large runed translucent door.
 14849 | Gauntlet | Found a large runed translucent door.
 14849 | Gauntlet | Found a large runed translucent door.
 14850 | Gauntlet | Found a large runed translucent door.
 14850 | Gauntlet | Found a large runed translucent door.
 14851 | Gauntlet | Found a runed translucent gate.
 14851 | Gauntlet | Found a runed translucent gate.
 14851 | Gauntlet | Found a runed translucent gate.
 14852 | Gauntlet | Noticed a blizzard demon
 14853 | Gauntlet | Found a transporter.
 14891 | Gauntlet | Noticed a wizard
 14892 | Gauntlet | Noticed a wizard
 14924 | Gauntlet | Found a transporter.
 14934 | Gauntlet | Found a transporter.
 14938 | Gauntlet | Noticed a wolf spider
 14952 | Gauntlet | Found a transporter.
 14964 | Gauntlet | Found a transporter.
 14981 | Gauntlet | Found a transporter.
 15048 | Gauntlet | Found a transporter.
 15050 | Gauntlet | Noticed a death scarab
 15055 | Gauntlet | Noticed a death scarab
 15058 | Gauntlet | Found a transporter.
 15064 | Gauntlet | Found a large runed translucent door.
 15065 | Gauntlet | Found a large runed translucent door.
 15082 | Gauntlet | Noticed a minotaur
 15092 | Gauntlet | Found a transporter.
 15102 | Gauntlet | Found a transporter.
 15862 | Gauntlet | Killed a wolf spider
 15868 | Gauntlet | Reached skill level 9 in Fighting
 16498 | D:11     | Found a runed translucent gate.
 16498 | D:11     | Found a runed translucent gate.
 16499 | D:11     | Found a runed translucent gate.
 16502 | D:11     | Noticed Stomo's ghost (journeyman DrMo)
 16733 | D:11     | Found a staircase to the Lair.
 16964 | Lair:1   | Entered Level 1 of the Lair of Beasts
 16971 | Lair:1   | Reached skill level 10 in Fighting
 16973 | Lair:1   | Reached XP level 12. HP: 83/106 MP: 11/11
 17948 | Lair:1   | Noticed Joseph
 17964 | Lair:1   | Killed Joseph
 18602 | Lair:1   | Reached skill level 11 in Fighting
 18658 | Lair:1   | Noticed Fannar
 18670 | Lair:1   | Killed Fannar
 18920 | Lair:1   | Noticed a five-headed hydra
 18931 | Lair:1   | Killed an 11-headed hydra
 18932 | Lair:1   | Reached skill level 5 in Evocations
 19284 | Lair:2   | Noticed Maggie
 19294 | Lair:2   | Killed Maggie
 19295 | Lair:2   | Reached skill level 15 in Axes
 19526 | Lair:2   | Noticed a four-headed hydra
 19534 | Lair:2   | Killed a nine-headed hydra
 19840 | Lair:2   | Reached skill level 12 in Fighting
 20427 | Lair:2   | Reached skill level 13 in Fighting
 20427 | Lair:2   | Reached XP level 13. HP: 122/122 MP: 12/12
 20502 | Lair:2   | Noticed Urug
 20520 | Lair:2   | Killed Urug
 20812 | Lair:2   | Found a staircase to the Snake Pit.
 20875 | Lair:2   | Noticed Gastronok
 20886 | Lair:2   | Killed Gastronok
 21712 | Lair:2   | Found a staircase to the Shoals.
 22567 | Lair:3   | Noticed Snorg
 22577 | Lair:3   | Killed Snorg
 22592 | Lair:3   | Reached skill level 14 in Fighting
 23020 | Lair:3   | Reached skill level 1 in Polearms
 24827 | Lair:4   | Reached skill level 15 in Fighting
 26416 | Lair:4   | Found an ornate altar of the Wu Jian Council.
 26430 | Lair:4   | Reached skill level 16 in Fighting
 26707 | Lair:5   | Found a staircase to the Slime Pits.
 27249 | Lair:5   | Noticed Sonja
 27251 | Lair:5   | Cast into level 1 of the Abyss (Sonja)
 27301 | Abyss:1  | Noticed a tentacled starspawn
 27306 | Abyss:1  | Noticed a starcursed mass
 27314 | Abyss:1  | Killed a tentacled starspawn
 27382 | Abyss:1  | Noticed a starcursed mass
 27673 | Abyss:1  | Noticed a reaper
 27711 | Abyss:1  | Killed a reaper
 27770 | Abyss:2  | HP: 6/130 [burnt (5)]
 27771 | Abyss:2  | HP: 2/130 [burnt (4)]
 27772 | Abyss:2  | Incinerated by a smoke demon

Illustrated notes

Levels and vault maps discovered:
D:1:      nicolae_arrival_washed_ashore, layout_rooms, minmay_octomino_c4
D:2:      layout_rooms
D:3:      layout_basic, gammafunk_ghost_nasty_kobolds,
          dreamdust_ecumenical_altar_drowned_temple, minmay_misc_feat_rugged
D:4:      layout_gridville, nicolae_ru_great_annihilating_truth,
          uniq_crazy_yiuf_cottage, uniq_blork_the_orc, uniq_natasha
D:5:      layout_loops_ring
D:6:      minmay_chambers_of_sixes, layout_loops_ring,
          kiku_gazebo_garden_becter, grunt_potential, uniq_pikel, uniq_duvessa
D:7:      layout_basic, mainiacjoe_overflow_cross_hatched,
          minmay_temple_entry_mini_moons, nicolae_wooded_promenade,
          kennysheep_generic_room_3, uniq_harold
D:8:      layout_loops_corners, uniq_grum
D:9:      layout_loops_corners, grunt_gozag_statues, erik_orc_4,
          minmay_statue_crystal_thing, uniq_erica
D:10:     layout_basic, nicolae_overflow_crystal_walls
D:11:     layout_roguey, david_lair_generic, gammafunk_ghost_necromancy,
          gauntlet_entry_generic, chequers_serial_rivers_marsh
Lair:1:   layout_hall_layers, serial_bayou_shore_a, uniq_joseph, uniq_fannar
Lair:2:   layout_roguey, elwin_shoals_entry_rooms,
          minmay_snake_entry_guardpost_small, st_stairs_13, uniq_urug,
          uniq_maggie, uniq_gastronok
Lair:3:   layout_cave_pods, minivault_23, guppyfry_lair_drakes, uniq_snorg
Lair:4:   layout_concentric_octagons, lemuel_oklob_altar, lemuel_fruit_tree,
          serial_bayou_shore_b
Lair:5:   layout_roguey, nicolae_slime_entry_slimehenge, uniq_sonja
Abyss:2:  base: D:14, hangedman_abyss_or_decor_stabs, bh_abyss_negative

Skill      XL: |  1  2  3  4  5  6  7  8  9 10 11 12 13 |
---------------+----------------------------------------+-----
Axes           | 4 5 6 7 8 10 12 13 15 | 15.0
Fighting       | 4 5 6 8 10 13 16 | 16.5
Armour         | 3 4 5 7 9 10 | 10.8
Stealth        | 1 2 3 6 7 |  7.5
Dodging        | 3 4 5 7 8 |  8.4
Shields        | 2 3 |  3.0
Long Blades    | 1 |  1.1
Evocations     | 1 4 5 6 |  6.6
Polearms       | 1 |  1.3

Action                   |  1- 3 |  4- 6 |  7- 9 | 10-12 | 13-15 || total
-------------------------+-------+-------+-------+-------+-------++-------
Melee: Hand axe          |    77 |    79 |   229 |    52 |       ||   437
       Headbutt          |     8 |    11 |    48 |   148 |   118 ||   333
       Punch             |     1 |       |     1 |     2 |       ||     4
       War axe           |       |       |       |   526 |   330 ||   856
       Triple sword      |       |       |       |    29 |       ||    29
       Demon trident     |       |       |       |       |    14 ||    14
Throw: Throwing net      |       |       |       |     1 |       ||     1
Invok: Berserk           |     1 |     3 |     4 |    17 |    11 ||    36
       Trog's Hand       |       |       |     1 |     6 |     4 ||    11
       Brothers in Arms  |       |       |       |     2 |     2 ||     4
Evoke: Wand              |       |       |       |     1 |       ||     1
  Use: Scroll            |       |       |     4 |    13 |     5 ||    22
       Potion            |       |       |     1 |    10 |     1 ||    12
 Stab: Paralysed         |       |     1 |       |       |       ||     1
       Distracted        |       |     1 |       |       |     1 ||     2
Armor: Animal skin       |     7 |       |       |       |       ||     7
       Scale mail        |    15 |    17 |       |       |       ||    32
       Plate armour      |       |    12 |   143 |   435 |   196 ||   786
       Skin              |       |       |       |     1 |       ||     1
Dodge: Dodged            |    62 |    30 |    61 |   251 |   129 ||   533
Block: Buckler           |       |       |    21 |    18 |       ||    39
